 Seeded DCSS version 0.28.0 (webtiles) character file.

Game seed: 11617186094325701911 (custom seed)

29 hikkokomori the Shield-Bearer (level 3, 26/29 HPs)
             Began as a Formicid Fighter on Feb 16, 2022.
             Was a Follower of Makhleb.
             Quit the game on level 2 of the Dungeon.
             The game lasted 00:01:02 (723 turns).

hikkokomori the Shield-Bearer (Formicid Fighter)     Turns: 723, Time: 00:01:02

Health: 26/29      AC:  6    Str: 22    XL:     3   Next: 32%
Magic:  3/3        EV:  9    Int:  7    God:    Makhleb [*.....]
Gold:   47         SH:  4    Dex: 10    Spells: 2/2 levels left

rFire   . . .      SeeInvis +   a - +0 war axe
rCold   . . .      Faith    .   c - +0 buckler
rNeg    . . .      Spirit   .   b - +0 scale mail
rPois   .          Reflect  .   (helmet unavailable)
rElec   .          Harm     .   (no cloak)
rCorr   .          Rampage  .   (no gloves)
Will    .....                   (no boots)
Stlth   ..........              (no amulet)
HPRegen 0.09/turn               (no ring)
MPRegen 0.08/turn               (no ring)

@: no status effects
A: permanent stasis, dig shafts and tunnels, antennae 3, four strong arms
a: Dig, Shaft Self, Renounce Religion


You were on level 2 of the Dungeon.
You worshipped Makhleb.
Makhleb was aware of your devotion.
You visited 1 branch of the dungeon, and saw 2 of its levels.

You collected 47 gold pieces.

Inventory:

Hand Weapons
 a - a +0 war axe (weapon)
Armour
 b - a +0 scale mail (worn)
 c - a +0 buckler (worn)
Scrolls
 e - 2 scrolls of immolation
 g - a scroll of teleportation
Potions
 d - a potion of might
 f - a potion of invisibility {unknown}
 h - 2 potions of curing {unknown}


   Skills:
 + Level 3.6 Fighting
 + Level 2.4 Axes
 + Level 3.6 Armour
 + Level 4.1 Shields


You had 2 spell levels left.
You didn't know any spells.
Your spell library was empty.

Dungeon Overview and Level Annotations

Branches:
Dungeon (2/15)

Altars:
Makhleb


Innate Abilities, Weirdness & Mutations

You cannot be hasted, slowed, berserked, paralysed or teleported.
You can dig through walls and to a lower floor.
You have a pair of large antennae on your head. (SInv)
Your four strong arms can wield two-handed weapons with a shield.


Message History

Things that are here:
a scroll labelled CAMIRE VOEDD; 6 gold pieces
i - a scroll labelled CAMIRE VOEDD The giant cockroach barely misses you.
You closely miss the giant cockroach. The giant cockroach closely misses you.
You block the giant cockroach's attack.
You barely miss the giant cockroach.
The giant cockroach bites you but does no damage.
You block the giant cockroach's attack.
You closely miss the giant cockroach. You block the giant cockroach's attack.
You closely miss the giant cockroach.
The giant cockroach barely misses you. x2
You closely miss the giant cockroach. The giant cockroach barely misses you.
The giant cockroach bites you.
You hit the giant cockroach but do no damage.
The giant cockroach bites you but does no damage.
You completely miss the giant cockroach.
The giant cockroach closely misses you. The giant cockroach bites you.
You hit the giant cockroach.
The giant cockroach is heavily wounded.
The giant cockroach bites you. The giant cockroach barely misses you.
You hit the giant cockroach but do no damage.
The giant cockroach is heavily wounded.
You block the giant cockroach's attack.
The giant cockroach completely misses you.
You slash the giant cockroach!
You kill the giant cockroach!
Makhleb accepts your kill.
You see here a giant cockroach corpse.
As you read the scroll labelled TUBLUD EBBAM, it crumbles to dust.
The air around you briefly surges with heat, but it dissipates.
It was a scroll of immolation.
As you read the scroll labelled DEMUAX WAOZXA, it crumbles to dust.
You feel a strange sense of stasis.
It was a scroll of teleportation.
As you read the scroll labelled CAMIRE VOEDD, it crumbles to dust.
You hear a loud clanging noise!
It was a scroll of noise.
You hear an angry hiss. x5; You hear a shout!
An adder comes into view.
Okay, then.
Are you sure you want to abandon this character and quit the game? (Confirm with "yes".)

{ # ≈..≈..≈
###{#####
≈≈..≈..
.......<#
.≈..≈..
###.....#
..≈≈...
#####.##.......
##.#........
#..)........
#.$.@.....#
#........##
............#
#.#.........#
.. #.!........#
## #..........#
#.#.####...#
#.#.# S..#


You could see an adder.

Vanquished Creatures
  A dart slug (D:1)
  A ball python (D:1)
  4 bats (D:1)
  2 endoplasms (D:1)
  3 giant cockroaches
  A hobgoblin (D:1)
  2 jackals (D:1)
  2 kobolds (D:1)
  2 quokkas (D:1)
  2 frilled lizards (D:1)
  2 rats (D:1)
22 creatures vanquished.

Notes
Turn   | Place    | Note
-------+----------+-------------------------------------------
     0 | D:1      | hikkokomori the Formicid Fighter began the quest for the
                  | Orb.
     0 | D:1      | Reached XP level 1. HP: 18/18 MP: 1/1
    84 | D:1      | Reached XP level 2. HP: 24/24 MP: 2/2
   127 | D:1      | Found a faded altar of an unknown god.
   144 | D:1      | Prayed at the altar of an unknown god.
   144 | D:1      | Became a worshipper of Makhleb the Destroyer
   144 | D:1      | Reached * piety under Makhleb
   347 | D:1      | Reached skill level 4 in Shields
   396 | D:1      | Reached XP level 3. HP: 28/29 MP: 3/3
   723 | D:2      | Quit the game

Illustrated notes

Levels and vault maps discovered:
D:1:      dpeg_arrival_concentric_ovals, layout_rooms,
          hellmonk_ecumenical_altar_run_dry
D:2:      cheibrodos_helix_gallery, layout_basic, serial_shops, shop,
          nicolae_shop_bloodbath_and_beyond, shop, shop, nrook_uturn,
          uniq_terence

Skill      XL: |  1  2 |
---------------+-------+-----
Shields        | 4 |  4.1
Fighting       | |  3.6
Axes           | |  2.4
Armour         | |  3.6

Action                   || total
-------------------------++-------
Melee: War axe           ||    65
  Use: Scroll            ||     3
Armor: Scale mail        ||    44
Dodge: Dodged            ||    55
Block: Buckler           ||    24
